 Dungeon Crawl Stone Soup version 0.19-a0-1899-g2d93087 (webtiles) character file.

34 vev the Sneak (level 3, -2/42 HPs)
             Began as a Naga Wanderer on Oct 19, 2016.
             Slain by a kobold
             ... wielding a +2 falchion of distortion
              (13 damage)
             ... on level 2 of the Dungeon.
             The game lasted 00:03:45 (1156 turns).

vev the Sneak (Naga Wanderer)                       Turns: 1156, Time: 00:03:46

Health: -2/42      AC: 21    Str: 12    XL:     3   Next: 31%
Magic:  4/4        EV:  1    Int: 13    God:
Gold:   72         SH:  0    Dex: 12    Spells: 0 memorised, 4 levels left

rFire  . . .     SeeInvis +     b - +0 hand crossbow
rCold  . . .     Gourm    .     (armour currently unavailable)
rNeg   + + +     Faith    .     (no shield)
rPois  +         Spirit   .     (helmet currently unavailable)
rElec  .         Reflect  .     (cloak currently unavailable)
rCorr  .         Harm     .     (gloves currently unavailable)
MR     .....     NoTele   +     (no barding)
Stlth  +++.......               (no amulet)
                                (no ring)
                                (no ring)

@: tree-form
A: see invisible, (deformed body), (poison resistance), (slowness 0), slow
metabolism 1, spit poison 1, AC +1
a: Spit Poison


You were on level 2 of the Dungeon.
You were not hungry.
You were a tree.
You visited 1 branch of the dungeon, and saw 2 of its levels.

You collected 72 gold pieces.

Inventory:

Hand Weapons
 a - a +0 mace
 b - a +0 hand crossbow (weapon)
 f - a +0 dagger
Missiles
 c - 21 bolts (quivered)
Armour
 e - a +0 robe
 i - a +0 leather armour (melded)
 p - a +0 ring mail
Scrolls
 h - a scroll of identify {unknown}
 j - 2 scrolls of magic mapping {unknown}
 m - a scroll of recharging {unknown}
Potions
 d - a potion of lignification
 n - a potion of flight {unknown}
 o - a potion of mutation {unknown}
Books
 k - a book of Minor Magic

   Spells                             Type                      Level
   a - Magic Dart                     Conjuration                  1
   b - Blink                          Translocation                2
   c - Call Imp                       Summoning                    2
   d - Repel Missiles                 Charms/Air                   2
   e - Slow                           Hexes                        2
   f - Conjure Flame                  Conjuration/Fire             3
   g - Mephitic Cloud                 Conjuration/Poison/Air       3
Comestibles
 g - 2 bread rations
 l - a meat ration
 q - 2 chunks of flesh


   Skills:
 + Level 4.1 Crossbows
 - Level 1.0 Armour
 + Level 4.4 Stealth
 - Level 1.0 Spellcasting
   Level 2.0 Conjurations


You had 4 spell levels left.
You didn't know any spells.

Dungeon Overview and Level Annotations

Branches:
Dungeon (2/15)

Altars:


Innate Abilities, Weirdness & Mutations

You cannot wear boots.
((Your serpentine skin is tough. (AC +1)))
You have supernaturally acute eyesight. (SInv)
((Armour fits poorly on your strangely shaped body.))
((Your system is resistant to poisons. (rPois)))
((You cover ground very slowly.))
You have a slow metabolism.
You can spit poison.


Message History

Your +0 leather armour melds into your body.
Your roots penetrate the ground.
The kobold hits you but does no damage. Space bends around you.
Unknown command.
Unknown command.
Firing (i - inventory):
c - 23 bolts (quivered)
Press: ? - help, Shift-Dir - straight line, f - kobold
Aim: a kobold, wielding a falchion of distortion (fast)
You shoot a bolt.
The bolt hits the kobold but does no damage.
The kobold completely misses you. The kobold hits you but does no damage.
Space bends around you.
Firing (i - inventory):
c - 22 bolts (quivered)
Press: ? - help, Shift-Dir - straight line, f/p - kobold
Aim: a kobold, wielding a falchion of distortion (fast)
You shoot a bolt.
The bolt hits the kobold but does no damage.
The kobold hits you but does no damage. Space warps horribly around you!
You die...

# #.#... #..## .
#.###.#..######.#.#
#.#.#...............#
#.......(..#######..#
......[.>.# #..#
.#......# #..#
##...#.# #..# ##K##.#
###).#
#♣##.#####<...#
#.##.#.......##
#.##.#.###...# ......
#.### #.. .# #.# #.##
#.# #.# #####.#######
##.#.##............
.##. .#.......#######


You could see a kobold.

Vanquished Creatures
  An adder (D:2)
  A worm (D:2)
  A leopard gecko (D:2)
  3 bats
  3 goblins
  3 hobgoblins
  6 frilled lizards
  2 kobolds (D:1)
  3 rats (D:1)
23 creatures vanquished.

Notes
Turn   | Place    | Note
-------+----------+-------------------------------------------
     0 | D:1      | vev the Naga Wanderer began the quest for the Orb.
     0 | D:1      | vev set off with: a book of Minor Magic, a +0 hand crossbow, 24 bolts, a potion of lignification, a +0 robe, a +0 dagger, a bread ration
     0 | D:1      | Reached XP level 1. HP: 15/15 MP: 2/2
   482 | D:1      | Reached XP level 2. HP: 18/22 MP: 3/3
   887 | D:2      | Reached skill level 4 in Crossbows
   887 | D:2      | Reached skill level 4 in Stealth
   932 | D:2      | Reached XP level 3. HP: 26/28 MP: 4/4
  1156 | D:2      | Slain by a kobold

Vault maps used:
D:1:      dpeg_arrival_long_road

Skill      XL: |  1  2 |
---------------+-------+-----
Crossbows      | 4 |  4.1
Stealth        | 4 |  4.4
Armour         | |  1.0
Spellcasting   | |  1.0
Conjurations   | |  2.0

Action                   || total
-------------------------++-------
Melee: Dagger            ||    53
       Mace              ||    17
 Fire: Hand crossbow     ||    19
  Use: Potion            ||     1
 Stab: Sleeping          ||     4
Armor: Leather armour    ||    20
       Robe              ||     1
       Skin              ||     3
Dodge: Dodged            ||    33
